 Dungeon Crawl Stone Soup version 0.30-a0-782-ge64f9170bb (webtiles) character file.

Game seed: 12199422726855292035

1852 Jane the Covered (level 9, 0/66 HPs)
             Began as a Ghoul Gladiator on Feb 23, 2023.
             Was a Believer of Hepliaklqana.
             Slain by an orc warrior
             ... wielding a +0 dire flail
              (1 damage)
             ... on level 7 of the Dungeon.
             The game lasted 00:47:53 (6769 turns).

Jane the Covered (Ghoul Gladiator)                  Turns: 6769, Time: 00:47:54

Health: 0/66       AC: 12    Str: 22    XL:     9   Next: 12%
Magic:  0/8        EV:  9    Int:  3    God:    Hepliaklqana [**....]
Gold:   83         SH:  0    Dex: 10    Spells: 8/8 levels left

rFire   . . .      SeeInvis +    a - +0 rapier (spect)
rCold   + . .      Faith    .    f - orb {*Rage}
rNeg    + + +      Spirit   +    m - +0 chain mail
rPois   ∞          Reflect  .    c - +1 helmet
rElec   .          Harm     .    (no cloak)
rCorr   .          Rampage  .    (no gloves)
Will    .....                    (no boots) Stlth
                                 s - amulet of guardian spirit
HPRegen 0.00/turn                i - ring of see invisible
MPRegen 0.11/turn                j - ring of positive energy

@: about to teleport, inhibited regen
A: reduced essence, claws 1, cold resistance 1, negative energy resistance 3,
inhibited regeneration, torment resistance 2, devour on kill
a: Renounce Religion, Ancestor Life: Knight, Ancestor Life: Battlemage, Ancestor
Life: Hexer, Recall Ancestor, Ancestor Identity


You were on level 7 of the Dungeon.
You worshipped Hepliaklqana.
Hepliaklqana was pleased with you.
You visited 1 branch of the dungeon, and saw 7 of its levels.

You collected 280 gold pieces.
You spent 197 gold pieces at shops.

Inventory:

Hand Weapons
 a - a +0 spectral rapier (weapon)
 r - a +6 battleaxe
Missiles
 e - 3 throwing nets
 l - 2 javelins (quivered)
Armour
 c - a +1 helmet (worn)
 f - an orb of wrath (worn)
 m - a +0 chain mail (worn)
Jewellery
 i - a ring of see invisible (left claw)
 j - a ring of positive energy (right claw)
 k - a ring of poison resistance
 o - an amulet of reflection
 s - an amulet of guardian spirit (around neck)
Wands
 t - a wand of quicksilver (3)
Scrolls
 d - 4 scrolls of identify
 g - a scroll of teleportation
 n - a scroll of vulnerability
 p - a scroll of immolation
 q - 2 scrolls of enchant armour
Potions
 b - a potion of brilliance
 h - a potion of lignification


   Skills:
 + Level 5.0 Fighting
 + Level 6.2(6.5) Short Blades
 + Level 2.8(4.9) Long Blades
 - Level 1.7 Throwing
 + Level 6.4 Armour
 + Level 4.1 Dodging
 - Level 1.3 Stealth


You had 8 spell levels left.
You didn't know any spells.
Your spell library contained the following spells:

 Spells                   Type           Power      Damage    Failure   Level
 Kiss of Death            Conj/Necr      0%         2d5       99%         1
 Ensorcelled Hibernation  Hex/Ice        0%         N/A       100%        2
 Portal Projectile        Hex/Tloc       0%         N/A       100%        3
 Tukima's Dance           Hex            0%         N/A       100%        3
 Anguish                  Hex/Necr       0%         N/A       100%        4
 Spider Form              Tmut/Pois      Unusable   N/A       N/A         3
 Blade Hands              Tmut           Unusable   N/A       N/A         5

Dungeon Overview and Level Annotations

Branches:
Dungeon (7/15)
 Temple: D:4-7

Altars:
Gozag
Hepliaklqana
Kikubaaqudgha
Ru
Sif Muna

Shops:
D:1 *   D:6 ?:=(

Annotations:
D:3 3 runed translucent doors, Iscandelvey's ghost, amateur OgWr; Jane's ghost, weakling FeWr; P0WERM0DE's ghost, amateur OpCj
D:4 1 transporter


Innate Abilities, Weirdness & Mutations

Your life essence is reduced to manifest your ancestor. (-10% HP)
You are immune to poison.
You have sharp fingernails.
Your flesh is cold resistant. (rC+)
You are immune to negative energy. (rN+++)
You do not regenerate when monsters are visible.
You are immune to unholy pain and torment.
You thrive by killing the living.


Message History

You closely miss the orc priest.
Your +0 spectral rapier hits the orc priest.
The orc priest hits you but does no damage.
Ilshubani closely misses the orc priest.
The orc warrior unwields a +0 arbalest.
The orc warrior wields a +0 dire flail.
The orc warrior hits you with a +0 dire flail!
You hit the orc priest.
The orc priest is moderately wounded.
Your +0 spectral rapier closely misses the orc priest.
The orc priest hits you with a +0 short sword.
Ilshubani hits the orc priest!
You hit the orc priest.
You kill the orc priest!
The orc warrior hits you with a +0 dire flail!
As you read the scroll of teleportation, it crumbles to dust.
You feel strangely unstable.
The orc warrior hits you with a +0 dire flail!
* * * LOW HITPOINT WARNING * * *
Ilshubani hits the orc warrior but does no damage.
You swap places.
A gnoll comes into view. It is wielding a +0 halberd.
The orc warrior hits you with a +0 dire flail!
* * * LOW HITPOINT WARNING * * *
The orc priest barely misses you.
Ilshubani hits the orc warrior.
You see here a +0 short sword.
You hit the orc warrior but do no damage.
The orc warrior is lightly wounded.
Your +0 spectral rapier closely misses the orc warrior.
The orc warrior hits you with a +0 dire flail.
* * * LOW HITPOINT WARNING * * *
The gnoll hits you but does no damage.
The orc priest hits you but does no damage.
A gnoll comes into view. It is wielding a +0 club.
A gnoll comes into view. It is wielding a +0 flail.
You hit the orc warrior but do no damage.
The orc warrior is lightly wounded.
Your +0 spectral rapier hits the orc warrior!
Ilshubani hits the orc warrior.
The orc warrior hits you with a +0 dire flail.
You die...

g.g.#######
##......... ...g.....
#....... #......
#.....# .###..(og#
#.# ......o@.# #.#
..##...R.# #.# #
.......).# #.# .#
#.##.....#####.##.#.#
# #................
#............##
######.......#
#.......# ######.##


You could see the friendly Ilshubani the ancestor, an orc warrior (ally target),
an orc priest, 4 gnolls and a friendly +0 spectral rapier (summoned).

Vanquished Creatures
  Menkaure (D:4)
  A water moccasin (D:5)
  2 ice beasts (D:5)
  A black bear (D:5)
  2 ogres
  A centaur (D:7)
  A phantom (D:6)
  A kobold brigand (D:6)
  2 necrophages
  2 wights (D:6)
  4 hounds
  An orc priest (D:7)
  2 jellies
  An orc wizard (D:5)
  3 iguanas
  3 gnolls
  8 adders
  A white imp (D:6)
  An ufetubus (D:5)
  3 worms
  3 dart slugs
  4 orcs
  7 ball pythons
  4 bats
  7 endoplasms
  6 giant cockroaches
  9 hobgoblins
  5 jackals (D:1)
  4 quokkas (D:2)
  9 frilled lizards (D:1)
  2 goblins (D:4)
  14 kobolds
  5 rats
120 creatures vanquished.

Vanquished Creatures (collateral kills)
  A bullfrog (D:6)
  A wight (D:6)
  A jelly (D:6)
  An orc wizard (D:5)
  3 gnolls
  3 orcs
10 creatures vanquished.

Vanquished Creatures (others)
  An orc wizard (D:5)
  3 ancestors
  A fungus (D:1)
  3 plants (D:1)
  4 withered plants (D:3)
12 creatures vanquished.

Grand Total: 142 creatures vanquished

Notes
Turn   | Place    | Note
-------+----------+-------------------------------------------
     0 | D:1      | Jane the Ghoul Gladiator began the quest for the Orb.
     0 | D:1      | Reached XP level 1. HP: 17/17 MP: 0/0
    78 | D:1      | Found Sybriugoho's Assorted Antiques.
   104 | D:1      | Found a faded altar of an unknown god.
   121 | D:1      | Got Plato's Treatise on Striking
   126 | D:1      | Prayed at the altar of an unknown god.
   126 | D:1      | Became a worshipper of Ru the Awakened
   156 | D:1      | Reached XP level 2. HP: 15/25 MP: 1/1
   796 | D:1      | Reached XP level 3. HP: 12/30 MP: 2/2
  1303 | D:2      | Reached skill level 1 in Armour
  1533 | D:2      | You fall into a shaft and drop 1 floor!
  1574 | D:3      | Reached XP level 4. HP: 35/37 MP: 3/3
  1697 | D:3      | Found a hazy altar of Hepliaklqana.
  1732 | D:3      | Fell from the grace of Ru
  1732 | D:3      | Became a worshipper of Hepliaklqana the Forgotten
  1857 | D:3      | Found a runed translucent gate.
  1861 | D:3      | Found a runed translucent gate.
  1863 | D:3      | Found a runed translucent gate.
  1865 | D:3      | Noticed P0WERM0DE's ghost (amateur OpCj)
  1865 | D:3      | Noticed Jane's ghost (weakling FeWr)
  1865 | D:3      | Noticed Iscandelvey's ghost (amateur OgWr)
  3213 | D:4      | Noticed an ogre
  3213 | D:4      | Noticed a necrophage
  3233 | D:4      | Reached XP level 5. HP: 43/44 MP: 4/4
  3284 | D:4      | Reached skill level 1 in Long Blades
  3308 | D:4      | Noticed Menkaure
  3322 | D:4      | Killed Menkaure
  3323 | D:4      | Reached XP level 6. HP: 32/51 MP: 5/5
  3414 | D:4      | Found a transporter.
  3723 | D:5      | Entered Level 5 of the Dungeon
  3732 | D:5      | Reached skill level 1 in Stealth
  3738 | D:5      | Noticed a water moccasin
  3739 | D:5      | Reached * piety under Hepliaklqana
  3747 | D:5      | Killed a water moccasin
  3748 | D:5      | Reached XP level 7. HP: 48/51 MP: 6/6
  4071 | D:5      | Reached XP level 8. HP: 38/59 MP: 7/7
  4166 | D:5      | Reached skill level 5 in Short Blades
  4495 | D:5      | Found a shimmering blue altar of Sif Muna.
  4519 | D:5      | Found an ancient bone altar of Kikubaaqudgha.
  4802 | D:6      | Reached skill level 5 in Armour
  4884 | D:6      | Found an opulent altar of Gozag.
  5261 | D:6      | Found Faniqi's Book Boutique.
  5768 | D:6      | Found Eschelemi's Magic Scroll Shop.
  5773 | D:6      | Bought a scroll of enchant armour for 82 gold pieces
  5773 | D:6      | Bought a scroll of teleportation for 33 gold pieces
  5855 | D:6      | Reached XP level 9. HP: 56/65 MP: 8/8
  6030 | D:6      | Found Wuwkuoba's Jewellery Shoppe.
  6050 | D:6      | Found Anon's Weapon Boutique.
  6575 | D:6      | Bought a scroll of enchant weapon for 82 gold pieces
  6720 | D:7      | Reached ** piety under Hepliaklqana
  6761 | D:7      | Reached skill level 5 in Fighting
  6767 | D:7      | HP: 2/66 [orc warrior/+0 dire flail (11)]
  6769 | D:7      | Slain by an orc warrior

Illustrated notes

Levels and vault maps discovered:
D:1:      spicycebolla_green_bress_n_ham_2, layout_loops_ring,
          shapermc_ecumenical_altar_rom_forum, serial_shops,
          nicolae_shop_crystal, minmay_lizard_king
D:2:      layout_rooms
D:3:      layout_loops_ring, mainiacjoe_overflow_small_starburst,
          gammafunk_ghost_cemetery, mrwooster_statue_mirror
D:4:      layout_basic, nicolae_ru_path_of_blood,
          gammafunk_ghost_abyssal_escape, uniq_menkaure, uniq_sigmund
D:5:      layout_rooms, palyth_temple_overflow_mages, minmay_temple_entry_fiery
D:6:      layout_layer_cave, jmf_multi_god_temple, serial_shops,
          nicolae_take_the_stairs, shop,
          nicolae_shop_competitors_out_of_business, shop, chequers_garden
D:7:      layout_basic, bloody_trog, nicolae_shop_vocational

Skill      XL: |  1  2  3  4  5  6  7  8  9 |
---------------+----------------------------+-----
Dodging        | 3 4 |  4.1
Short Blades   | 3 4 6 |  6.2
Armour         | 1 2 3 4 6 |  6.4
Long Blades    | 1 2 |  2.8
Fighting       | 3 4 5 |  5.0
Stealth        | 1 |  1.3
Throwing       | |  1.7

Action                     |  1- 3 |  4- 6 |  7- 9 || total
---------------------------+-------+-------+-------++-------
  Melee: Rapier            |   178 |   113 |   150 ||   441
         Falchion          |       |    58 |       ||    58
    Use: Scroll            |     2 |     4 |     7 ||    13
         Potion            |     2 |     4 |     2 ||     8
 Armour: Leather armour    |    49 |    45 |       ||    94
         Chain mail        |       |    35 |    89 ||   124
  Dodge: Dodged            |   145 |   126 |    62 ||   333
  Block: Orb               |       |       |    34 ||    34

Table legend: (Time is in decaauts)
 A = Elapsed time spent in this place.
 B = Non-inter-level travel time spent in this place.
 C = Inter-level travel time spent in this place.
 D = Time resting spent in this place.
 E = Time spent auto-exploring this place.
 F = Levels seen in this place.
 G = Mean time per level.
                   A        B        C        D        E       F      G
               +--------+--------+--------+--------+--------+-----+--------+
         Total |   6799 |   6281 |    518 |   1340 |   1907 |   7 |  971.3 |
       Dungeon |   6799 |   6281 |    518 |   1340 |   1907 |   7 |  971.3 |
               +--------+--------+--------+--------+--------+-----+--------+

Top non-repeatable levels by time:
     D:6: 1852 daAuts
     D:1: 1179 daAuts
     D:5: 1078 daAuts
     D:2: 1060 daAuts
     D:3: 976 daAuts
     D:4: 549 daAuts
     D:7: 103 daAuts
